PCL
SPOKANE TRAPPERS @ ALBUQUERQUE ISOTOPES
07/24/2028
 
TOP OF THE 1ST
Spokane Trappers batting - Pitching for Albuquerque Isotopes : LHP Rick Wilson
Pitching: LHP Rick Wilson
Batting: RHB Octávio Zúñiga 0-0: Ground out 4-3 (Groundball, 34)
Batting: RHB Tony Hernández 0-0: DOUBLE (Flyball, 78XD)
Pinch Runner at 2nd Rusty Herbert:
Batting: LHB Jim Jensen 0-0: Called Strike
0-1: Foul Ball, location: 2F
0-2: Ball
1-2: SINGLE (Groundball, 34D)
Rusty Herbert to third
Runner from 3rd tries for Home, SAFE, throw made home
Batting: RHB Enrico Rodríguez 0-0: Foul Ball, location: 2F
0-1: Foul Ball, location: 2F
0-2: Ball
1-2: Strikes out swinging
Batting: RHB Ramiro Ross 0-0: Ball
1-0: Called Strike
1-1: Foul Ball, location: 2F
1-2: DOUBLE (Line Drive, 7D)
Jim Jensen to third
Batting: LHB Will Hill 0-0: Ball
1-0: Ball
2-0: Swinging Strike
2-1: Called Strike
2-2: Foul Ball, location: 2F
2-2: Foul Ball, location: 2F
2-2: Strikes out swinging
Top of the 1st over - 1 run(s), 3 hit(s), 0 error(s), 2 left on base; Spokane 1 - Albuquerque 0
BOTTOM OF THE 1ST
Albuquerque Isotopes batting - Pitching for Spokane Trappers : RHP Flávio De Brito
Pitching: RHP Flávio De Brito
Now at 2B: Rusty Herbert
Batting: LHB Fernando Ortíz 0-0: Ball
1-0: Foul Ball, location: 2F
1-1: Foul Ball, location: 2F
1-2: SOLO HOME RUN (Flyball, 9D), Distance : 360 ft
Batting: RHB Sam Wallace 0-0: SINGLE (Groundball, 25) (infield hit)
Batting: LHB Bernardo Montés 0-0: Ball
1-0: Grounds into double play, 6-4-3 (Groundball, 56)
Batting: RHB Will Lott 0-0: Foul Ball, location: 2F
0-1: Swinging Strike
0-2: Ball
1-2: Foul Ball, location: 2F
1-2: Foul Ball, location: 2F
1-2: Ball
2-2: Foul Ball, location: 2F
2-2: Foul Ball, location: 2F
2-2: Fly out, F7 (Flyball, 78M)
Bottom of the 1st over - 1 run(s), 2 hit(s), 0 error(s), 0 left on base; Spokane 1 - Albuquerque 1
TOP OF THE 2ND
Spokane Trappers batting - Pitching for Albuquerque Isotopes : LHP Rick Wilson
Batting: LHB Cisco Villanueva 0-0: Ball
1-0: Ball
2-0: Called Strike
2-1: Ground out 1-3 (Groundball, P)
Batting: RHB Trent Rasmussen 0-0: Ball
1-0: Ball
2-0: Ball
3-0: Called Strike
3-1: Ground out 6-3 (Groundball, 6MS)
Batting: RHB Jacob Hill 0-0: Ground out 6-3 (Groundball, 6)
Top of the 2nd over - 0 run(s), 0 hit(s), 0 error(s), 0 left on base; Spokane 1 - Albuquerque 1
BOTTOM OF THE 2ND
Albuquerque Isotopes batting - Pitching for Spokane Trappers : RHP Flávio De Brito
Batting: LHB José González 0-0: Ball
1-0: Foul Ball, location: 2F
1-1: Ball
2-1: Ball
3-1: Swinging Strike
3-2: Base on Balls
Batting: RHB Raúl Bauza 0-0: Ball
1-0: DOUBLE (Line Drive, 8RD)
José González to third
Batting: LHB Héctor Soto 0-0: Ball
1-0: Called Strike
1-1: DOUBLE (Line Drive, 9LD)
José González scores
Raúl Bauza scores
Batting: RHB Jesse McKnight 0-0: Ball
1-0: Ground out 1-3 (Groundball, P)
Héctor Soto to third
Batting: RHB Brett Bell 0-0: Called Strike
0-1: Swinging Strike
0-2: Ball
1-2: Foul Ball, location: 2F
1-2: Ball
2-2: Strikes out swinging
Batting: LHB Fernando Ortíz 0-0: Ball
1-0: Foul Ball, location: 2F
1-1: Foul Ball, location: 2F
1-2: Strikes out swinging
Bottom of the 2nd over - 2 run(s), 2 hit(s), 0 error(s), 1 left on base; Spokane 1 - Albuquerque 3
TOP OF THE 3RD
Spokane Trappers batting - Pitching for Albuquerque Isotopes : LHP Rick Wilson
Batting: RHB Octávio Zúñiga 0-0: Ball
1-0: Called Strike
1-1: Bunted foul
1-2: Ball
2-2: Fly out, F9 (Flyball, 9)
Batting: LHB Rusty Herbert 0-0: Fly out, F8 (Flyball, 8LS)
Batting: LHB Jim Jensen 0-0: Ball
1-0: Ball
2-0: Called Strike
2-1: Ball
3-1: Foul Ball, location: 2F
3-2: DOUBLE (Flyball, 78D)
Batting: RHB Enrico Rodríguez 0-0: Called Strike
0-1: Ball
1-1: Ground out 4-3 (Groundball, 34)
Top of the 3rd over - 0 run(s), 1 hit(s), 0 error(s), 1 left on base; Spokane 1 - Albuquerque 3
BOTTOM OF THE 3RD
Albuquerque Isotopes batting - Pitching for Spokane Trappers : RHP Flávio De Brito
Batting: RHB Sam Wallace 0-0: Ball
1-0: Called Strike
1-1: Foul Ball, location: 2F
1-2: Ball
2-2: SINGLE (Groundball, 5) (infield hit)
Batting: LHB Bernardo Montés 0-0: Called Strike
0-1: Ball
1-1: Called Strike
1-2: DOUBLE (Flyball, 78XD)
Sam Wallace to third
Batting: RHB Will Lott 0-0: Foul Ball, location: 2F
0-1: Foul Ball, location: 2F
0-2: Ball
1-2: Foul Ball, location: 2F
1-2: Ball
2-2: Ground out 6-3 (Groundball, 6)
Sam Wallace scores
Batting: LHB José González 0-0: Called Strike
0-1: Called Strike
0-2: Ball
1-2: Ball
2-2: Foul Ball, location: 2F
2-2: Ball
3-2: SINGLE (Groundball, 3D)
Bernardo Montés to third
Batting: RHB Raúl Bauza 0-0: Ball
1-0: Called Strike
1-1: Hit by Pitch
José González to second
Batting: LHB Héctor Soto 0-0: Called Strike
0-1: Ball
1-1: Called Strike
1-2: Ball
2-2: Foul Ball, location: 2F
2-2: Strikes out swinging
Batting: RHB Jesse McKnight 0-0: Ball
1-0: Ball
2-0: Ball
3-0: Base on Balls
Bernardo Montés scores
José González to third
Raúl Bauza to second
Batting: RHB Brett Bell 0-0: Ball
1-0: Ball
2-0: Ball
3-0: Base on Balls
José González scores
Raúl Bauza to third
Jesse McKnight to second
Pitching: RHP Ramón Fonseca
Batting: LHB Fernando Ortíz 0-0: Ball
1-0: Fielders Choice at 2nd, 6-4 (Groundball, 6)
Bottom of the 3rd over - 3 run(s), 3 hit(s), 0 error(s), 2 left on base; Spokane 1 - Albuquerque 6
TOP OF THE 4TH
Spokane Trappers batting - Pitching for Albuquerque Isotopes : LHP Rick Wilson
Batting: RHB Ramiro Ross 0-0: Ground out 6-3 (Groundball, 56)
Batting: LHB Will Hill 0-0: Ball
1-0: Foul Ball, location: 2F
1-1: Ball
2-1: Foul Ball, location: 2F
2-2: Reached on error, E4 (Groundball, 4)
Batting: LHB Cisco Villanueva 0-0: Ball
1-0: Swinging Strike
1-1: Foul Ball, location: 2F
1-2: Ball
2-2: Ball
3-2: Base on Balls
Batting: RHB Trent Rasmussen 0-0: Called Strike
0-1: Swinging Strike
0-2: Strikes out swinging
Batting: RHB Jacob Hill 0-0: Called Strike
0-1: Ball
1-1: Ground out 5-3 (Groundball, 5S)
Top of the 4th over - 0 run(s), 0 hit(s), 1 error(s), 2 left on base; Spokane 1 - Albuquerque 6
BOTTOM OF THE 4TH
Albuquerque Isotopes batting - Pitching for Spokane Trappers : RHP Ramón Fonseca
Batting: RHB Sam Wallace 0-0: Foul Ball, location: 2F
0-1: Called Strike
0-2: Ball
1-2: Ball
2-2: Foul Ball, location: 2F
2-2: Foul Ball, location: 2F
2-2: Foul Ball, location: 2F
2-2: Ball
3-2: Foul Ball, location: 2F
3-2: Ground out 5-3 (Groundball, 56S)
Batting: LHB Bernardo Montés 0-0: Fly out, F7 (Line Drive, 7S)
Batting: RHB Will Lott 0-0: Ball
1-0: Ball
2-0: Ball
3-0: Base on Balls
Batting: LHB José González 0-0: Called Strike
0-1: Fly out, F7 (Flyball, 7S)
Bottom of the 4th over - 0 run(s), 0 hit(s), 0 error(s), 1 left on base; Spokane 1 - Albuquerque 6
TOP OF THE 5TH
Spokane Trappers batting - Pitching for Albuquerque Isotopes : LHP Rick Wilson
Batting: RHB Octávio Zúñiga 0-0: Called Strike
0-1: Ball
1-1: SINGLE (Groundball, 2R) (infield hit)
Batting: LHB Rusty Herbert 0-0: Called Strike
Octávio Zúñiga is caught stealing 2nd base
0-1: Called Strike
0-2: Ball
1-2: Strikes out swinging
Batting: LHB Jim Jensen 0-0: Called Strike
0-1: Ball
1-1: Swinging Strike
1-2: Ball
2-2: Ball
3-2: Base on Balls
Batting: RHB Enrico Rodríguez 0-0: Called Strike
0-1: Ball
1-1: Fly out, F9 (Flyball, 9S)
Top of the 5th over - 0 run(s), 1 hit(s), 0 error(s), 1 left on base; Spokane 1 - Albuquerque 6
BOTTOM OF THE 5TH
Albuquerque Isotopes batting - Pitching for Spokane Trappers : RHP Ramón Fonseca
Batting: RHB Raúl Bauza 0-0: Called Strike
0-1: SINGLE (Groundball, 6MD)
Batting: LHB Héctor Soto 0-0: Ball
1-0: Foul Ball, location: 2F
1-1: Ball
2-1: Ball
3-1: Foul Ball, location: 2F
3-2: Base on Balls
Raúl Bauza to second
Batting: RHB Jesse McKnight 0-0: Ball
1-0: Called Strike
1-1: SINGLE (Groundball, 6MD)
Raúl Bauza to third
Héctor Soto to second
Runner from 3rd tries for Home, SAFE, no throw
Batting: RHB Brett Bell 0-0: Called Strike
0-1: Called Strike
0-2: Strikes out swinging
Batting: LHB Fernando Ortíz 0-0: Called Strike
0-1: Ball
1-1: Ground out 3-1 (Groundball, 34S)
Héctor Soto to third
Jesse McKnight to second
Batting: RHB Sam Wallace 0-0: Called Strike
0-1: Foul Ball, location: 2F
0-2: Ball
1-2: Ball
2-2: Foul Ball, location: 2F
2-2: 3-RUN HOME RUN (Flyball, 78XD), Distance : 385 ft
Pitching: RHP Paul Pothecary
Batting: LHB Bernardo Montés 0-0: Ball
1-0: Foul Ball, location: 2F
1-1: Foul Ball, location: 2F
1-2: Ball
2-2: SINGLE (Line Drive, 8LS)
Batting: RHB Will Lott 0-0: Ball
1-0: SINGLE (Line Drive, 6M)
Bernardo Montés to second
Batting: LHB José González 0-0: Ball
1-0: Foul Ball, location: 2F
1-1: Swinging Strike
1-2: Ball
2-2: 3-RUN HOME RUN (Flyball, 89XD), Distance : 400 ft
Pitching: LHP Pedro Mata
Batting: RHB Raúl Bauza 0-0: Foul Ball, location: 2F
0-1: Fly out, F8 (Line Drive, 8LD)
Bottom of the 5th over - 7 run(s), 6 hit(s), 0 error(s), 0 left on base; Spokane 1 - Albuquerque 13
TOP OF THE 6TH
Spokane Trappers batting - Pitching for Albuquerque Isotopes : LHP Rick Wilson
Pinch Hitting: RHB Clyde Kelley 0-0: Foul Ball, location: 2F
0-1: Called Strike
0-2: Ball
1-2: Ball
2-2: SINGLE (Line Drive, 4M)
Batting: LHB Will Hill 0-0: Called Strike
0-1: Foul Ball, location: 2F
0-2: Grounds into double play, 4-6-3 (Groundball, 4)
Batting: LHB Cisco Villanueva 0-0: Ball
1-0: Ball
2-0: Ball
3-0: Base on Balls
Batting: RHB Trent Rasmussen 0-0: Foul Ball, location: 2F
0-1: Ball
1-1: Fly out, F8 (Flyball, 8LD)
Top of the 6th over - 0 run(s), 1 hit(s), 0 error(s), 1 left on base; Spokane 1 - Albuquerque 13
BOTTOM OF THE 6TH
Albuquerque Isotopes batting - Pitching for Spokane Trappers : LHP Pedro Mata
Now at 1B: Enrique Mendoza
Batting: LHB Héctor Soto 0-0: Swinging Strike
0-1: Called Strike
0-2: Ball
1-2: Ball
2-2: Ground out 4-3 (Groundball, 4)
Batting: RHB Jesse McKnight 0-0: Ball
1-0: Called Strike
1-1: Ball
2-1: Ground out 3-1 (Groundball, 34)
Batting: RHB Brett Bell 0-0: Swinging Strike
0-1: Ball
1-1: Swinging Strike
1-2: Strikes out swinging, 2-3 out at first.
Bottom of the 6th over - 0 run(s), 0 hit(s), 0 error(s), 0 left on base; Spokane 1 - Albuquerque 13
TOP OF THE 7TH
Spokane Trappers batting - Pitching for Albuquerque Isotopes : LHP Rick Wilson
Batting: RHB Jacob Hill 0-0: Called Strike
0-1: SINGLE (Line Drive, 34)
Batting: RHB Octávio Zúñiga 0-0: Ball
1-0: Ball
2-0: Ball
3-0: Base on Balls
Jacob Hill to second
Pitching: LHP John Helms
Batting: LHB Rusty Herbert 0-0: Called Strike
0-1: Ball
1-1: Called Strike
1-2: SINGLE (Line Drive, 3)
Jacob Hill to third
Octávio Zúñiga to second
Batting: LHB Jim Jensen 0-0: Called Strike
0-1: Ball
1-1: Called Strike
1-2: Fly out, F8 (Flyball, 8LM)
Runner from 3rd tags up, SCORES, throw made
Batting: RHB Enrico Rodríguez 0-0: Called Strike
0-1: Swinging Strike
0-2: Ball
1-2: Strikes out swinging
Pinch Hitting: RHB Toru Nakanishi 0-0: Foul Ball, location: 2F
0-1: Foul Ball, location: 2F
0-2: Foul Ball, location: 2F
0-2: Ball
1-2: Fly out, F9 (Flyball, 9LS)
Top of the 7th over - 1 run(s), 2 hit(s), 0 error(s), 2 left on base; Spokane 2 - Albuquerque 13
BOTTOM OF THE 7TH
Albuquerque Isotopes batting - Pitching for Spokane Trappers : LHP Pedro Mata
Now at 1B: Toru Nakanishi
Pinch Hitting: RHB Dave Mullen 0-0: Called Strike
0-1: Ball
1-1: Ball
2-1: Swinging Strike
2-2: Ground out 4-3 (Groundball, 4)
Pinch Hitting: RHB Dave McGrath 0-0: Ball
1-0: Foul Ball, location: 2F
1-1: Foul Ball, location: 2F
1-2: Ground out 5-3 (Groundball, 5S)
Batting: LHB Bernardo Montés 0-0: Ball
1-0: Called Strike
1-1: Foul Ball, location: 2F
1-2: Ball
2-2: Foul Ball, location: 2F
2-2: Ball
3-2: Fly out, F4 (Popup, 3D)
Bottom of the 7th over - 0 run(s), 0 hit(s), 0 error(s), 0 left on base; Spokane 2 - Albuquerque 13
TOP OF THE 8TH
Spokane Trappers batting - Pitching for Albuquerque Isotopes : LHP John Helms
Now at 3B: Dave Mullen
Now in LF: A.J. Major
Now in RF: Juan Vareas
Batting: LHB Will Hill 0-0: Foul Ball, location: 2F
0-1: Swinging Strike
0-2: Strikes out looking
Batting: LHB Cisco Villanueva 0-0: Swinging Strike
0-1: Called Strike
0-2: Ball
1-2: Ball
2-2: Strikes out swinging
Batting: RHB Trent Rasmussen 0-0: Ball
1-0: Called Strike
1-1: Foul Ball, location: 2F
1-2: Strikes out swinging
Top of the 8th over - 0 run(s), 0 hit(s), 0 error(s), 0 left on base; Spokane 2 - Albuquerque 13
BOTTOM OF THE 8TH
Albuquerque Isotopes batting - Pitching for Spokane Trappers : LHP Pedro Mata
Batting: RHB Will Lott 0-0: SINGLE (Line Drive, 7S)
Batting: LHB José González 0-0: Foul Ball, location: 2F
0-1: Ball
1-1: Swinging Strike
1-2: Ball
2-2: Ball
3-2: Strikes out swinging
Batting: RHB Raúl Bauza 0-0: Called Strike
0-1: Ball
1-1: Foul Ball, location: 2F
1-2: Strikes out swinging
Batting: LHB Héctor Soto 0-0: Fly out, F6 (Line Drive, 6)
Bottom of the 8th over - 0 run(s), 1 hit(s), 0 error(s), 1 left on base; Spokane 2 - Albuquerque 13
TOP OF THE 9TH
Spokane Trappers batting - Pitching for Albuquerque Isotopes : LHP John Helms
Now at 1B: Eric Knight
Now at SS: Luis Martínez
Now in CF: Lorenzo Ayala
Batting: RHB Jacob Hill 0-0: Called Strike
0-1: Foul Ball, location: 2F
0-2: Ball
1-2: Strikes out swinging
Batting: RHB Octávio Zúñiga 0-0: Ball
1-0: Ball
2-0: Foul Ball, location: 2F
2-1: Ball
3-1: Base on Balls
Pinch Hitting: RHB Jackson Gibson 0-0: Ball
1-0: Called Strike
1-1: Foul Ball, location: 2F
1-2: Strikes out looking
Pinch Hitting: RHB Pedro Rodríguez 0-0: Swinging Strike
0-1: Ball
1-1: Ball
2-1: Swinging Strike
2-2: Strikes out looking
Top of the 9th over - 0 run(s), 0 hit(s), 0 error(s), 1 left on base; Spokane 2 - Albuquerque 13
Tuesday, August 8th, 2017 - OOTP Baseball 17.12 Build 75